[Event "Early-Titled-Tuesday-Blitz-November-28-2023"]
[Site "Chess.com"]
[Date "2023.11.28"]
[Round "4"]
[White "Alen_Yeremyann"]
[Black "LimeInTheCoconut"]
[Result "1-0"]
[WhiteElo "2778"]
[BlackElo "2413"]
[TimeControl "180+1"]
[EndTime "8:41:26 PST"]
[Termination "Alen_Yeremyann won on time"]

1. e4 c6 2. Nc3 d5 3. Qe2 dxe4 4. Nxe4 Nf6 5. d3 Nxe4 6. Qxe4 Qd5 7. Qxd5 cxd5 8. a4 Nc6 9. Nf3 e5 10. c3 f6 11. b4 Be6 12. Bb2 Kf7 13. Be2 Be7 14.
O-O g5 15. Nd2 h5 16. Rfe1 Rad8 17. a5 a6 18. Bf1 h4 19. h3 d4 20. Ne4 dxc3 21.
Bxc3 Nd4 22. Rab1 Nb5 23. Ba1 Rc8 24. Be2 Rc7 25. Bf3 Rhc8 26. Nc5 Bxc5 27. bxc5 Bd7 28. Rb4 Bc6 29. Bh5+ Kg7 30. d4 exd4 31. Bxd4 Rd7 32. Bg4 Rcd8 33. Bxd7 Rxd7 34. Be3 Rd3 35. Rbb1 Ra3 36.
Ra1 Rc3 37. Red1 Kg6 38. Rd8 Na3 39. Rad1 Nc2 40. Rc1 Be4 41. Rd6 Ra3 42. Bd4 Nxd4 43.
Rxd4 Bc6 44. Rd6 Rxa5 45. f3 Rb5 46. Kh2 a5 47. Rd4 Rb2 48. Kh1 a4 49. Rd3 Rb5 50.
Rcc3 Rb4 51. Rd6 Rb2 52. Re3 Rb4 53. Ree6 Rf4 54. Re3 Rf5 55. Rc3 Rf4 56. Rd8 Rf5 57.
Rd4 Re5 58. Kg1 Re2 59. Rd6 Re5 60. Kf2 Re8 61. Rdd3 Ra8 62. Re3 Ra5 63. Ke1 Rb5 64. Kd2 Rb2+ 65. Rc2 Rb1 66. Kc3 Rb5 67. Kc4 Rb1 68.
Rd2 Rc1+ 69. Kb4 Rb1+ 70. Ka3 Rg1 71. Re6 Rc1 72. Rdd6 Rxc5 73. Rxf6+ Kg7 74. Rfe6 Rc3+ 75. Kb2 Rb3+ 76. Kc2 Ra3 77. Re7+ Kf8 78. Rc7 Ra2+ 79. Kc3 Ke8 80. Rh6 Ra3+ 81. Kb4 Rb3+ 82. Kc4 Kd8 83. Rg7 Rb1 84. Rd6+ Kc8 85. Rf6 Kd8 86. Rf8+ Be8 87. Rxg5 a3 88. Re5 Rc1+ 89. Kb3 Rb1+ 90. Kxa3 1-0

[Event "Early-Titled-Tuesday-Blitz-November-28-2023"]
[Site "Chess.com"]
[Date "2023.11.28"]
[Round "4"]
[White "Abund"]
[Black "LoveUMore"]
[Result "0-1"]
[WhiteElo "2776"]
[BlackElo "2568"]
[TimeControl "180+1"]
[EndTime "8:41:41 PST"]
[Termination "LoveUMore won by resignation"]

1. e4 Nc6 2. Nf3 d6 3. d4 Nf6 4.
Nc3 Bg4 5. d5 Ne5 6. Nxe5 Bxd1 7. Bb5+ c6 8. dxc6 dxe5 9. c7+ Qd7 10. Bxd7+ Kxd7 11. Kxd1 e6 12. f3 a6 13. Be3 Kxc7 14.
Ke2 Bb4 15. Nb1 Nd7 16. Nd2 Bc5 17. Rhd1 Bxe3 18. Kxe3 Nb6 19. a4 a5 20. Ra3 Rac8 21.
Raa1 Rhd8 22. Ke2 Kb8 23. c3 f5 24. Nf1 Nc4 25. Rxd8 Rxd8 26. b3 Nd6 27. Rd1 Kc7 28.
Nd2 b5 29. axb5 Nxb5 30. Rc1 Nd6 31. Ra1 Kb6 32. Ra4 Rc8 33. Kd3 Kb5 34. Ra1 Nb7 35.
Kc2 Nd6 36. Re1 f4 37. Ra1 Kb6 38. Rd1 Kb5 39. Nb1 Rc6 40. Kb2 Kc5 41. Na3 Rb6 42.
Kc2 Rc6 43. g3 g5 44. g4 h6 45. h4 gxh4 46. Rh1 a4 47. b4+ Kb6 48. Rxh4 Nb5 49. Nxb5 Kxb5 50. Rxh6 Kc4 51. Rh1 Rd6 52. Rd1 Ra6 53.
Ra1 Ra8 54. g5 Rg8 55. Rxa4 Rxg5 56. Ra5 Rg2+ 57. Kd1 Kd3 58. Kc1 Kxc3 59. Kb1 Kb3 60. Kc1 Kc3 61. Rc5+ Kxb4 62. Rxe5 Kc3 63. Kb1 Kb3 64. Kc1 Kc3 65. Kd1 Kd3 66. Ke1 Ke3 67.
Kf1 Kxf3 68. Rxe6 Ra2 69. Ke1 Ke3 70. Kd1 f3 71. Rf6 f2 72. e5 Ra1+ 73. Kc2 f1=Q 74. Rxf1 Rxf1 75. e6 Rf8 76. Kc3 Re8 77. Kc4 Rxe6 78.
Kd5 Re4 79. Kc5 Rd4 80. Kb5 Kd3 81. Kc5 Kc3 82. Kb5 Rc4 83. Ka5 Rb4 84. Ka6 Kc4 85. Ka5 Kc5 86. Ka6 Rb3 87. Ka7 Kc6 88. Ka8 Kc7 0-1

[Event "Early-Titled-Tuesday-Blitz-November-28-2023"]
[Site "Chess.com"]
[Date "2023.11.28"]
[Round "4"]
[White "YouJustFoundYourGodfather"]
[Black "Bauman_Guy"]
[Result "0-1"]
[WhiteElo "2596"]
[BlackElo "2889"]
[TimeControl "180+1"]
[EndTime "8:41:52 PST"]
[Termination "Bauman_Guy won on time"]

1. e4 c5 2. Nf3 d6 3. Nc3 Nf6 4. d4 cxd4 5. Nxd4 a6 6. g3 e5 7. Nde2 Be7 8. Bg2 O-O 9. O-O b5 10. Nd5 Nxd5 11. Qxd5 Ra7 12. Be3 Rb7 13. Rfd1 Nd7 14.
a4 Nf6 15. Qd3 Be6 16. b3 Qc7 17. axb5 axb5 18. Rdc1 Rc8 19. c4 bxc4 20. bxc4 Bxc4 21. Qd2 Qd7 22. Nc3 h6 23. f3 Be6 24. Bf1 Rb3 25.
Ra7 Rb7 26. Ba6 Rxa7 27. Bxc8 Qxc8 28. Bxa7 Qb7 29. Be3 d5 30. Rb1 Qa8 31. exd5 Nxd5 32. Nxd5 Bxd5 33. f4 exf4 34. Bxf4 Kh7 35. Rd1 Be4 36.
Re1 f5 37. Be3 Qa3 38. Qf2 Bb4 39. Rd1 Qb3 40. Rc1 Ba3 41. Ra1 Bb2 42. Rf1 Be5 43.
Bd4 Bd6 44. Qe3 Qc2 45. Qf2 Qc4 46. Qb2 h5 47. Be3 Be7 48. Qf2 Qb3 49. Rc1 Kg6 50. Re1 Bf6 51. Rf1 Qd3 52. Re1 Qd8 53.
Bf4 h4 54. Be3 hxg3 55. Qxg3+ Kf7 56. Qf2 Qh8 57. Qg3 Qc8 58. Qf2 Be5 59. Bd4 Bd6 60. Rxe4 Qc1+ 61. Re1 Qg5+ 62. Kh1 Qg4 63. Be3 Qe4+ 64.
Qg2 Qd3 65. Qb7+ Kf6 66. Qg2 f4 67. Bf2 g5 68. Qe4 Qxe4+ 69. Rxe4 Kf5 70. Re8 Kg4 71.
Kg2 f3+ 72. Kh1 Kh3 73. Bg1 Kg4 74. Rd8 Bf4 75. Rd4 Kf5 76. Rc4 g4 77. Rc3 Ke4 78. Rb3 Be5 79. Re3+ Kf4 80. Re1 Bc3 81. Rc1 Bd2 82.
Rc4+ Kf5 83. Bf2 Bf4 84. Bg3 Be3 85. Rc3 Ke4 86. Ra3 Bd4 87. Ra2 Kd3 88. Bf2 Be5 89.
Ra4 Ke2 90. Re4+ Kxf2 91. Rxe5 Kf1 92. Rg5 f2 93. Re5 g3 94. Rg5 Ke2 0-1

[Event "Early-Titled-Tuesday-Blitz-November-28-2023"]
[Site "Chess.com"]
[Date "2023.11.28"]
[Round "4"]
[White "vishwa_vijeta"]
[Black "NovozhilovSemen"]
[Result "1-0"]
[WhiteElo "2545"]
[BlackElo "2720"]
[TimeControl "180+1"]
[EndTime "8:41:54 PST"]
[Termination "vishwa_vijeta won by resignation"]

1. e4 c5 2. Nf3 Nc6 3. d4 cxd4 4. Nxd4 Nf6 5. Nc3 d6 6. Bg5 e6 7. Qd3 Bd7 8. Ndb5 Nb4 9. Qd1 Qb8 10. a3 Nc6 11. Qd2 a6 12. Nd4 Be7 13. O-O-O b5 14. f4 Qb6 15. Nxc6 Bxc6 16. e5 Nd5 17. Bxe7 Kxe7 18.
Ne4 dxe5 19. fxe5 Qe3 20. Bd3 Rhd8 21. Rhf1 Rac8 22. Rde1 Qxd2+ 23. Kxd2 f5 24. exf6+ gxf6 25. Ng3 e5 26. Nf5+ Kf8 27. g3 Ne7 28. Nxe7 Kxe7 29.
Ke3 h5 30. Rf5 h4 31. gxh4 Rd4 32. h5 Rh4 33. Rg1 Rh3+ 34. Rg3 Rxh2 35. Rg6 Rf8 36. h6 Bd7 37. Rg7+ Kd6 38. h7 Rh3+ 39. Ke2 Bxf5 40.
Bxf5 Rh2+ 41. Ke3 Rh5 42. Ke4 Rh4+ 43. Ke3 Rh8 44. Rd7+ Kc6 45. Rf7 Kd5 46. Rxf6 Rf4 47. Rf7 Kd6 48. Rd7+ Kc6 49. Rf7 a5 50. Be4+ Kd6 51.
Rxf4 exf4+ 52. Kxf4 Ke6 53. Bd3 b4 54. axb4 axb4 55.
b3 Kf6 56. Ke3 Rd8 57. Kf4 Kg7 58. Ke5 Rd7 59. Ke6 Rd4 60. Ke5 Rd8 61. Be4 Kf7 62.
Bd5+ Kg7 63. Be4 Rd2 64. Bd3 Rh2 65. Kd4 Rh4+ 66. Kc5 Kf6 67. Bc4 Rxh7 68. Kxb4 Ke5 69. Kc3 Rh3+ 70. Bd3 Kd5 71. b4 Kc6 72. Kb3 Kb6 73. Kc4 Rh4+ 74. Kc3 Kc6 75. Kb3 Kb6 76.
c4 Rh3 77. c5+ Kc6 78. Kc4 Rh4+ 79. Kc3 Kd5 80. Bc2 Rh3+ 81. Bd3 Rg3 82. Kc2 Kd4 83. Ba6 Ra3 84. Bb5 Rc3+ 85. Kb2 Rh3 86. c6 Rc3 87. Ba6 Rxc6 88. b5 Rb6 89. Kb3 Kc5 90. Ka4 Rd6 91. Kb3 Rd4 92. Kc2 Rd6 93. Kc3 Rd7 94. Kc2 Rd3 95.
Kxd3 1-0

[Event "Early-Titled-Tuesday-Blitz-November-28-2023"]
[Site "Chess.com"]
[Date "2023.11.28"]
[Round "4"]
[White "SchmakAttack"]
[Black "Oleksandr_Bortnyk"]
[Result "0-1"]
[WhiteElo "2754"]
[BlackElo "3060"]
[TimeControl "180+1"]
[EndTime "8:44:33 PST"]
[Termination "Oleksandr_Bortnyk won on time"]

1. Nf3 Nf6 2. b3 d5 3. Bb2 Bf5 4. g3 e6 5. Bg2 h6 6. O-O Be7 7. d3 O-O 8. Nbd2 Bh7 9. c4 c6 10. a3 a5 11. Re1 Na6 12. Ne5 Nd7 13. Nxd7 Qxd7 14. d4 b5 15. e4 bxc4 16. bxc4 Rfb8 17. Bc3 a4 18. Qxa4 Nc5 19. Qc2 Nxe4 20. Nxe4 dxe4 21.
Bxe4 Bxe4 22. Qxe4 Bxa3 23. h4 Ra4 24. Qd3 Rba8 25. Rab1 Be7 26. h5 Bf6 27. Red1 Ra3 28. Qc2 Qc7 29. Bb4 Ra2 30. Qe4 Bg5 31. d5 cxd5 32. cxd5 exd5 33. Rxd5 Qc2 34. Qxc2 Rxc2 35. Rbd1 Rac8 36. Bd2 Bf6 37. Be3 R8c4 38. Kg2 Re4 39. Kf3 Re6 40. Rb5 Re7 41. Rb8+ Kh7 42. Rb5 Rec7 43.
Rbd5 Re7 44. Rd7 Rc7 45. Rxc7 Rxc7 46. Rd5 Rb7 47. Bf4 Be7 48. Be3 Kg8 49. g4 f6 50.
Ke4 Kf7 51. f3 Ke6 52. Rd4 Bd6 53. Rc4 Rb5 54. Bf4 Bxf4 55. Kxf4 Rb6 56. Re4+ Kf7 57. Ra4 Rb7 58. Rd4 g6 59. hxg6+ Kxg6 60. Rc4 Rb3 61. Rc8 Rb4+ 62. Kg3 Ra4 63. f4 Ra3+ 64. Kh4 Ra1 65. Rc7 Rh1+ 66. Kg3 h5 67. gxh5+ Rxh5 68. Rc8 Ra5 69. Rh8 Ra1 70. Kg4 Rg1+ 71. Kf3 Ra1 72. Kg4 Ra3 73. Rg8+ Kf7 74. Rb8 Ra5 75. Rb7+ Kg6 76. Rb8 Rc5 77. Rd8 Rc1 78. f5+ Kg7 79.
Rd7+ Kh6 80. Kf4 Rc4+ 81. Ke3 Kg5 82. Rd5 Rf4 83. Rc5 Rf1 84. Ke2 Ra1 85. Kf3 Ra3+ 86. Kf2 Kg4 87. Ke2 Ra4 88. Kf2 Rf4+ 89. Kg2 Re4 90.
Kf2 Re7 91. Kg2 Re2+ 92. Kf1 Ra2 93. Rb5 Kf3 94. Rb3+ Ke4 95. Rb5 Rc2 96. Ra5 Rb2 97.
Rc5 Ke3 98. Rc3+ Kd4 99. Ra3 Ke4 100. Ra5 Kf3 101. Ra3+ Kg4 102. Ra5 Rc2 103. Rb5 Rh2 104. Ra5 Rh5 105. Ke2 Rh1 106. Rb5 Ra1 107. Rc5 Ra4 108. Rb5 Re4+ 109. Kf2 Rf4+ 110. Ke2 Rc4 111. Ra5 Rc3 112. Rb5 Kf4 113. Ra5 Rc2+ 114. Ke1 Rb2 115. Rc5 Ke3 116. Rc3+ Kd4 117. Ra3 Rb5 118. Rf3 Ke4 119. Rh3 Rxf5 120. Ke2 Ra5 121. Rh4+ Ke5 122. Rb4 Ra2+ 123. Kf3 Ra3+ 124. Kf2 Kf5 125. Rc4 Kg5 126. Rb4 Ra8 127. Rc4 Re8 128. Kf3 Re5 129. Rg4+ Kf5 130. Rf4+ Kg6 131. Ra4 Rh5 132. Kg3 Rg5+ 133. Kf3 Rb5 134. Rc4 Rb3+ 135. Kf4 Rb1 136. Kf3 Kg5 137. Ra4 f5 138. Rc4 Rb3+ 139. Kf2 Ra3 140. Rb4 Kf6 141. Rc4 Ke5 142. Rb4 Rc3 143. Ra4 Rc2+ 144.
Kf3 Rc1 145. Rb4 Kf6 146. Ra4 Kg5 147. Rb4 Rf1+ 148. Ke2 Rf4 149. Rb8 Ra4 150. Kf3 Ra3+ 151. Ke2 Kg4 152. Rg8+ Kf4 153. Rb8 Ra2+ 154. Kf1 Rd2 155. Rb3 Kg4 156. Ra3 Rd4 157. Rb3 Re4 158. Ra3 Kf4 159. Rb3 Re3 160. Rb5 Ra3 161. Kf2 Ra2+ 162. Ke1 Ke4 163. Kf1 Rc2 164. Ke1 Ke3 165. Rb3+ Kf4 166. Rb5 Kg4 167. Kf1 Rc3 168. Kf2 f4 169. Rb8 Rc2+ 170. Ke1 Kg3 171. Rg8+ Kf3 172. Rh8 Rc1+ 173. Kd2 Ra1 174. Rf8 Kg3 175. Rg8+ Kf2 176. Rf8 f3 177. Rg8 Ra2+ 178. Kd3 Kf1 179.
Ke3 f2 0-1

[Event "Early-Titled-Tuesday-Blitz-November-28-2023"]
[Site "Chess.com"]
[Date "2023.11.28"]
[Round "5"]
[White "VladimirBugayev"]
[Black "GlavkonVVS"]
[Result "0-1"]
[WhiteElo "2325"]
[BlackElo "2545"]
[TimeControl "180+1"]
[EndTime "8:52:36 PST"]
[Termination "GlavkonVVS won by resignation"]

1. e4 Nf6 2. e5 Nd5 3. d4 d6 4. c4 Nb6 5. f4 dxe5 6. fxe5 c5 7. d5 g6 8. Bf4 Bg7 9. Bd3 O-O 10. Nf3 Bg4 11. O-O e6 12. dxe6 fxe6 13. Nbd2 Rxf4 14.
Qc2 Nc6 15. h3 Nb4 0-1

[Event "Early-Titled-Tuesday-Blitz-November-28-2023"]
[Site "Chess.com"]
[Date "2023.11.28"]
[Round "5"]
[White "bescmelasti"]
[Black "alexrustemov"]
[Result "0-1"]
[WhiteElo "2652"]
[BlackElo "2866"]
[TimeControl "180+1"]
[EndTime "8:53:07 PST"]
[Termination "alexrustemov won by resignation"]

1. e4 e6 2. d4 d5 3. Nc3 dxe4 4. Nxe4 Bd7 5. Nf3 Bc6 6. Bd3 Nd7 7. O-O Ngf6 8. Re1 Be7 9. Ng3 O-O 10. Ne5 Nxe5 11. dxe5 Qd5 12. f3 Bc5+ 13. Kh1 Ng4 14. Re2 Qxf3 0-1

[Event "Early-Titled-Tuesday-Blitz-November-28-2023"]
[Site "Chess.com"]
[Date "2023.11.28"]
[Round "5"]
[White "GMthekingindian"]
[Black "Journey_to_GrandMaster_YT"]
[Result "0-1"]
[WhiteElo "2311"]
[BlackElo "2540"]
[TimeControl "180+1"]
[EndTime "8:53:08 PST"]
[Termination "Journey_to_GrandMaster_YT won by resignation"]

1. e4 d6 2. d4 Nf6 3. Nc3 e5 4. dxe5 dxe5 5. Qxd8+ Kxd8 6. Bc4 Ke8 7. f3 c6 8. Be3 b5 9. Bb3 a5 10. a4 b4 11. Nd1 Nbd7 12. Ne2 Bc5 13. Bc4 Ke7 14.
b3 Rd8 15. Bxc5+ Nxc5 16. Ne3 g6 17. Kf2 Ne8 18. Rhd1 Nd6 19. Rd2 Ndxe4+ 20. fxe4 Nxe4+ 0-1

[Event "Early-Titled-Tuesday-Blitz-November-28-2023"]
[Site "Chess.com"]
[Date "2023.11.28"]
[Round "5"]
[White "Maxfan2008"]
[Black "tantaan"]
[Result "1-0"]
[WhiteElo "2549"]
[BlackElo "2350"]
[TimeControl "180+1"]
[EndTime "8:53:10 PST"]
[Termination "Maxfan2008 won by resignation"]

1. d4 Nf6 2. c4 e6 3. Nc3 Bb4 4. Nf3 b6 5. e3 Bb7 6. Bd3 O-O 7. O-O d5 8. cxd5 exd5 9. Ne5 Nbd7 10. f4 c5 11. Bd2 cxd4 12. exd4 Bxc3 13. Bxc3 Ne4 14. Bb4 Re8 15. Qh5 Ndf6 16. Qxf7+ Kh8 17. Qxb7 a5 18. Nf7+ 1-0

[Event "Early-Titled-Tuesday-Blitz-November-28-2023"]
[Site "Chess.com"]
[Date "2023.11.28"]
[Round "5"]
[White "Mihajlovskij"]
[Black "MeesvanOsch"]
[Result "0-1"]
[WhiteElo "2237"]
[BlackElo "2417"]
[TimeControl "180+1"]
[EndTime "8:53:10 PST"]
[Termination "MeesvanOsch won by resignation"]

1. e4 e6 2. d4 d5 3. e5 c5 4.
c3 Qb6 5. Nf3 Bd7 6. Bd3 Bb5 7.
dxc5 Bxc5 8. b4 Be7 9. Bxb5+ Qxb5 10. Nd4 Qb6 11. a4 a5 12. b5 Nd7 13. O-O Nxe5 14. Re1 Nc4 15. Qg4 Nf6 16. Qxg7 Rg8 17. Qh6 O-O-O 18.
Qh3 Kb8 19. Bf4+ Ka8 20. Nd2 Nxd2 21. Bxd2 Ne4 22. Rxe4 dxe4 23. c4 Qxd4 0-1

[Event "Early-Titled-Tuesday-Blitz-November-28-2023"]
[Site "Chess.com"]
[Date "2023.11.28"]
[Round "5"]
[White "Ajedrez_con_German"]
[Black "viktorgen2021"]
[Result "1-0"]
[WhiteElo "2615"]
[BlackElo "2468"]
[TimeControl "180+1"]
[EndTime "8:53:49 PST"]
[Termination "Ajedrez_con_German won by resignation"]

1. e4 g6 2. d4 Bg7 3. Nf3 d6 4.
c3 Nf6 5. Bd3 Nc6 6. O-O e5 7.
dxe5 dxe5 8. Qe2 O-O 9. Rd1 Qe7 10. b3 h6 11. Ba3 Qe6 12. Bc4 Qg4 13. Bxf8 Bxf8 14.
Nbd2 Bc5 15. b4 Bb6 16. b5 Nh5 17. h3 Qd7 18. bxc6 Qxc6 1-0

[Event "Early-Titled-Tuesday-Blitz-November-28-2023"]
[Site "Chess.com"]
[Date "2023.11.28"]
[Round "5"]
[White "Bauman_Guy"]
[Black "MatyChess1"]
[Result "1-0"]
[WhiteElo "2893"]
[BlackElo "2666"]
[TimeControl "180+1"]
[EndTime "8:54:16 PST"]
[Termination "Bauman_Guy won by resignation"]

1. e4 c6 2. d4 d5 3. e5 Bf5 4. h4 h5 5. Bd3 Bxd3 6. Qxd3 e6 7.
Nf3 Qa5+ 8. Nbd2 Nh6 9. O-O Nf5 10. a4 Be7 11. Nb3 Qa6 12. Qd1 b6 13. g3 c5 14.
a5 Nc6 15. axb6 Qxb6 16. c3 Rb8 17. Nxc5 Bxc5 18. dxc5 Qxc5 19. Kg2 O-O 20. Qd3 Rb3 21. Qe2 Rfb8 22. Nd2 R3b7 23. Qxh5 Nxe5 24. Qe2 Qc6 25.
Qxe5 1-0

[Event "Early-Titled-Tuesday-Blitz-November-28-2023"]
[Site "Chess.com"]
[Date "2023.11.28"]
[Round "5"]
[White "nicolochessit"]
[Black "PabloZarnicki"]
[Result "0-1"]
[WhiteElo "2351"]
[BlackElo "2550"]
[TimeControl "180+1"]
[EndTime "8:54:29 PST"]
[Termination "PabloZarnicki won by resignation"]

1. e4 c6 2. d4 a6 3. Nc3 d5 4. a3 dxe4 5. Nxe4 Nf6 6. Nxf6+ exf6 7. c3 Bd6 8. Bd3 O-O 9. Qc2 Re8+ 10. Ne2 h6 11. Be3 Nd7 12. O-O-O b5 13. Nf4 Nb6 14.
Rde1 Nc4 15. Bd2 Bd7 16. g3 Qc7 17. Bxc4 bxc4 18. Qd1 Reb8 19. Nh5 Qa5 20. Qc2 Qxh5 0-1

[Event "Early-Titled-Tuesday-Blitz-November-28-2023"]
[Site "Chess.com"]
[Date "2023.11.28"]
[Round "5"]
[White "SmirnovTimofey2000"]
[Black "HanSchut"]
[Result "0-1"]
[WhiteElo "2065"]
[BlackElo "2288"]
[TimeControl "180+1"]
[EndTime "8:54:45 PST"]
[Termination "HanSchut won by resignation"]

1. d4 Nf6 2. Bf4 d5 3. e3 e6 4. Nd2 Bd6 5. Bg3 b6 6. c3 Bb7 7.
Ngf3 Ne4 8. Bxd6 cxd6 9. Bd3 O-O 10. O-O f5 11. Rc1 Nd7 12. a4 Kh8 13. c4 g5 14.
Bxe4 dxe4 15. Nxg5 Qxg5 16. c5 dxc5 17. dxc5 Nxc5 18.
Nc4 Nd3 19. Rc2 Bd5 20. Nd6 Qe7 21. Nb5 Bb3 22. Qd2 Bxc2 23. Qxc2 Rac8 24. Qd2 Rfd8 25. Nxa7 Qxa7 0-1

[Event "Early-Titled-Tuesday-Blitz-November-28-2023"]
[Site "Chess.com"]
[Date "2023.11.28"]
[Round "5"]
[White "GothamChess"]
[Black "HajiyevKanan"]
[Result "0-1"]
[WhiteElo "2663"]
[BlackElo "2509"]
[TimeControl "180+1"]
[EndTime "8:54:47 PST"]
[Termination "HajiyevKanan won by resignation"]

1. d4 d5 2. Bg5 c5 3. dxc5 h6 4. Bh4 g5 5. Bg3 Bg7 6. c3 Na6 7. e4 dxe4 8. Qxd8+ Kxd8 9. Bxa6 bxa6 10. f3 Bb7 11. Nd2 e3 12. Nc4 f5 13. O-O-O+ Ke8 14. Na5 Bc8 15. Bc7 Be6 16. Nc6 0-1

[Event "Early-Titled-Tuesday-Blitz-November-28-2023"]
[Site "Chess.com"]
[Date "2023.11.28"]
[Round "5"]
[White "xamax2000"]
[Black "Jospem"]
[Result "0-1"]
[WhiteElo "2922"]
[BlackElo "3060"]
[TimeControl "180+1"]
[EndTime "8:54:58 PST"]
[Termination "Jospem won by resignation"]

1. Nf3 c5 2. g3 Nc6 3. Bg2 g6 4. c3 e5 5. d3 Bg7 6. O-O Nge7 7. e4 O-O 8. Nbd2 d6 9. a3 h6 10. b4 a6 11. Bb2 b5 12. Re1 Be6 13. d4 cxd4 14.
cxd4 exd4 15. Nb3 Bxb3 16. Qxb3 Qb6 17. Rad1 a5 18. bxa5 Nxa5 19. Qb4 Nec6 20. Qd2 Nc4 21. Qc1 Rfc8 22. h4 N6e5 23. Nxd4 Nxb2 24. Qxb2 Nc4 0-1

[Event "Early-Titled-Tuesday-Blitz-November-28-2023"]
[Site "Chess.com"]
[Date "2023.11.28"]
[Round "5"]
[White "whitemirrorninja"]
[Black "RobertoJBM"]
[Result "0-1"]
[WhiteElo "2512"]
[BlackElo "2812"]
[TimeControl "180+1"]
[EndTime "8:55:01 PST"]
[Termination "RobertoJBM won by resignation"]

1. e4 c6 2. Nc3 d5 3. Nf3 dxe4 4.
Nxe4 Bg4 5. Bc4 e6 6. h3 Bh5 7. d3 Nd7 8. Bd2 Ne5 9. g4 Nxc4 10. gxh5 Nxd2 11. Qxd2 Nf6 12. Nxf6+ Qxf6 13. Qe3 Qxb2 14. O-O Qb6 15. Qxb6 axb6 16. a4 Bd6 17. Rfb1 Bc7 18. c4 Ra7 19. Nd4 Kd7 20. Ne2 Rha8 21. Nc3 Be5 22.
d4 Bxd4 23. Rd1 e5 24. Ne2 Rxa4 25. Nxd4 Rxa1 26. Nb3+ Rxd1+ 0-1

[Event "Early-Titled-Tuesday-Blitz-November-28-2023"]
[Site "Chess.com"]
[Date "2023.11.28"]
[Round "5"]
[White "DenisQ"]
[Black "Shield12"]
[Result "1-0"]
[WhiteElo "2680"]
[BlackElo "2924"]
[TimeControl "180+1"]
[EndTime "8:55:04 PST"]
[Termination "DenisQ won by resignation"]

1. Nf3 Nf6 2. c4 e6 3. g3 d5 4.
Bg2 d4 5. O-O Nc6 6. e3 Bc5 7. d3 h6 8. exd4 Nxd4 9. Nc3 O-O 10. Be3 c6 11. Ne4 Nxf3+ 12. Qxf3 Nxe4 13. dxe4 Bxe3 14. Qxe3 e5 15. Rad1 Qe7 16. Rd2 Be6 17. b3 c5 18. Rfd1 b6 19. f4 f6 20. f5 Bc8 21. Rd6 Rb8 22. h4 Rb7 23. Qd2 Rc7 24. Bf3 Qe8 25. Kg2 Rc6 26. Qd5+ 1-0

[Event "Early-Titled-Tuesday-Blitz-November-28-2023"]
[Site "Chess.com"]
[Date "2023.11.28"]
[Round "5"]
[White "becemix"]
[Black "vi_pranav"]
[Result "0-1"]
[WhiteElo "2370"]
[BlackElo "3049"]
[TimeControl "180+1"]
[EndTime "8:55:15 PST"]
[Termination "vi_pranav won by resignation"]

1. e4 e5 2. Nf3 Nc6 3. Bb5 a6 4. Ba4 Nf6 5. Qe2 b5 6. Bb3 Be7 7. c3 O-O 8. O-O d6 9. Rd1 h6 10. h3 Re8 11. d3 Bf8 12. Nbd2 Be6 13. Bxe6 fxe6 14. Nf1 Qe7 15. Ng3 Qf7 16. Nh2 Rab8 17.
a3 Na5 18. b4 Nb3 19. Rb1 Nxc1 20. Rbxc1 d5 21. Ng4 Bd6 22. c4 Nxg4 23. Qxg4 bxc4 24. dxc4 d4 25. c5 Be7 26. h4 Rf8 27. Rc2 c6 28. Rd3 Kh7 29. Rf3 Qg6 30. Rxf8 Qxg4 31.
Rxb8 Qd1+ 0-1

[Event "Early-Titled-Tuesday-Blitz-November-28-2023"]
[Site "Chess.com"]
[Date "2023.11.28"]
[Round "5"]
[White "FM-to-GM"]
[Black "Volodar_Murzin"]
[Result "0-1"]
[WhiteElo "2667"]
[BlackElo "2908"]
[TimeControl "180+1"]
[EndTime "8:55:19 PST"]
[Termination "Volodar_Murzin won by resignation"]

1. d4 Nf6 2. c4 g6 3. Nc3 Bg7 4.
e4 O-O 5. Be2 d6 6. Be3 Nbd7 7.
g4 c5 8. d5 b5 9. cxb5 a6 10. f3 axb5 11. Bxb5 Qa5 12. Ne2 Ne5 13. O-O Ba6 14. Bxa6 Qxa6 15. b3 Rfb8 16. Qc2 Nd3 17. Rfb1 Nd7 18. Kg2 N7e5 19. a4 Nb4 20. Qd2 Qd3 21.
Ra3 Nc2 22. Ra2 Nxe3+ 0-1

[Event "Early-Titled-Tuesday-Blitz-November-28-2023"]
[Site "Chess.com"]
[Date "2023.11.28"]
[Round "5"]
[White "Chess4always"]
[Black "elchacal664"]
[Result "0-1"]
[WhiteElo "2043"]
[BlackElo "2343"]
[TimeControl "180+1"]
[EndTime "8:55:19 PST"]
[Termination "elchacal664 won by resignation"]

1. d4 e5 2. c3 Nc6 3. d5 Nce7 4.
e3 d6 5. e4 Nf6 6. f3 c5 7. Bb5+ Bd7 8. Qa4 a6 9. Bxd7+ Nxd7 10.
c4 g6 11. Nc3 Bg7 12. h4 h6 13. Nge2 f5 14. g4 fxg4 15. fxg4 O-O 16. Be3 Nf6 17.
g5 Ng4 18. gxh6 Nxe3 19. hxg7 Kxg7 20. Kd2 Rf3 21. h5 b5 22. cxb5 axb5 23. Qb3 b4 24.
Nd1 Nf1+ 25. Rxf1 Rxb3 26. axb3 Rxa1 27. h6+ Kxh6 28. Rf7 Ng8 29. Ne3 Qg5 30. Rf3 Nf6 31.
Rg3 Nxe4+ 0-1

[Event "Early-Titled-Tuesday-Blitz-November-28-2023"]
[Site "Chess.com"]
[Date "2023.11.28"]
[Round "5"]
[White "simonachess"]
[Black "Kostya0705"]
[Result "0-1"]
[WhiteElo "2275"]
[BlackElo "2539"]
[TimeControl "180+1"]
[EndTime "8:55:31 PST"]
[Termination "Kostya0705 won by resignation"]

1. d4 Nf6 2. c4 e6 3. Nf3 d5 4. Nc3 dxc4 5. e3 a6 6. Bxc4 c5 7. O-O Be7 8. Qe2 Nc6 9. Rd1 cxd4 10. exd4 Nb4 11. Bg5 O-O 12. d5 exd5 13. Bxf6 Bxf6 14.
Nxd5 Nxd5 15. Bxd5 Qb6 16. Rd2 Bf5 17. Rad1 Rfe8 18.
Qc4 Bg6 19. b3 Rac8 20. Qa4 Bc3 21. Qf4 Bxd2 22. Nxd2 h6 23. Nc4 Qc7 24. Qg4 Rcd8 25. a4 Rxd5 0-1

[Event "Early-Titled-Tuesday-Blitz-November-28-2023"]
[Site "Chess.com"]
[Date "2023.11.28"]
[Round "5"]
[White "vladoboch"]
[Black "sergeikim"]
[Result "1-0"]
[WhiteElo "2442"]
[BlackElo "2584"]
[TimeControl "180+1"]
[EndTime "8:55:32 PST"]
[Termination "vladoboch won by resignation"]

1. e4 e5 2. Nf3 Nc6 3. Bc4 Bc5 4. c3 Nf6 5. d3 d6 6. Nbd2 a6 7. Bb3 Ba7 8. Nf1 O-O 9. Ng3 Be6 10. O-O h6 11. h3 Ne7 12. Nh4 c6 13. Qf3 Nh7 14.
Bc2 Qd7 15. Nhf5 Nxf5 16. exf5 Bd5 17. Qg4 Nf6 18. Qh4 Qd8 19. c4 Be6 20. fxe6 fxe6 21. Be3 Qe8 22. Bxa7 Rxa7 23. Ne4 d5 24. Nxf6+ Rxf6 25. cxd5 exd5 26. Rae1 b5 27. Qd4 Re7 28. Qc5 Qf7 29.
f4 Rf5 30. fxe5 Rexe5 31. d4 Rxe1 32. Rxe1 Rf2 33. Qxc6 1-0

[Event "Early-Titled-Tuesday-Blitz-November-28-2023"]
[Site "Chess.com"]
[Date "2023.11.28"]
[Round "5"]
[White "Ramla2020"]
[Black "MIss_MIaMI"]
[Result "0-1"]
[WhiteElo "2552"]
[BlackElo "2410"]
[TimeControl "180+1"]
[EndTime "8:55:32 PST"]
[Termination "MIss_MIaMI won on time"]

1. c4 e5 2. g3 f5 3. Bg2 Nf6 4. Nc3 Bb4 5. Nd5 Nxd5 6. cxd5 O-O 7. a3 Be7 8. b4 d6 9. Bb2 Bf6 10. e3 f4 11. Be4 Qe8 12. Ne2 Bh3 13. gxf4 exf4 14.
Bxf6 Qxe4 15. Nxf4 Qxh1+ 16. Ke2 Bg4+ 0-1

[Event "Early-Titled-Tuesday-Blitz-November-28-2023"]
[Site "Chess.com"]
[Date "2023.11.28"]
[Round "5"]
[White "Kostukov_Alex"]
[Black "Ezov"]
[Result "1-0"]
[WhiteElo "2409"]
[BlackElo "2227"]
[TimeControl "180+1"]
[EndTime "8:55:34 PST"]
[Termination "Kostukov_Alex won by resignation"]

1. g3 h5 2. Nf3 h4 3. Nxh4 d5 4. d4 c5 5. Nf3 Nc6 6. Bg2 cxd4 7. Nxd4 e5 8. Nxc6 bxc6 9. c4 Be6 10. Nc3 Bb4 11.
cxd5 Bxc3+ 12. bxc3 cxd5 13. Qa4+ Qd7 14. Qxd7+ Kxd7 15. O-O f6 16. c4 Ne7 17. cxd5 Bxd5 18. Rd1 Ke6 19. Ba3 Bxg2 20. Rd6+ Kf7 21. Kxg2 Rhd8 22.
Rad1 Rxd6 23. Rxd6 Nf5 24. Ra6 Nd4 25. Bc5 Nxe2 26.
Rxa7+ Rxa7 27. Bxa7 Ke6 28. a4 Kd5 29. a5 Kc6 30.
Kf3 Nc1 31. Ke4 Nb3 32. Bb6 Nd2+ 33. Kf5 Nf3 34. h4 Kb5 35. Kg6 Nd4 36. Kxg7 f5 37. Kf6 Nc6 38. h5 1-0